 Dungeon Crawl Stone Soup version 0.16.1-14-g82efdee (webtiles) character file.

76 miau the Conjurer (level 4, -4/18 HPs)
             Began as a Felid Conjurer on Apr 12, 2015.
             Slain by a water moccasin (5 damage)
             ... on level 3 of the Dungeon.
             The game lasted 00:18:28 (3711 turns).

miau the Conjurer (Felid Conjurer)                  Turns: 3711, Time: 00:18:28

Health: -4/18      AC:  1    Str:  5    XL:     4   Next: 12%
Magic:  12/12      EV: 18    Int: 16    God:
Gold:   70         SH:  0    Dex: 17    Spells: 2 memorised, 5 levels left
                                        Lives:  0   Deaths: 1

rFire  . . .     SeeInvis +     (weapon unavailable)
rCold  . . .     Clarity  .     (armour unavailable)
rNeg   . . .     SustAb   .     (shield unavailable)
rPois  .         Gourm    .     (helmet unavailable)
rElec  .         Spirit   .     (cloak unavailable)
rCorr  .         Warding  .     (gloves unavailable)
rMut   .         Stasis   .     (boots unavailable)
MR     .....                    f - amulet of regeneration
Stlth  +++.......               (no ring)
                                (no ring)

@: lethally poisoned (-4 -> -4), quick, not resistant to hostile enchantments,
fairly stealthy
A: paw claws, no armour, no weapons or thrown items, fangs 3, see invisible,
carnivore 3, speed 1, shaggy fur 1, slow metabolism 1, sharp paws
a: no special abilities


You were on level 3 of the Dungeon.
You were not hungry.

You visited 1 branch of the dungeon, and saw 3 of its levels.

You collected 70 gold pieces.

Inventory:

Jewellery
 f - an amulet of regeneration (around neck)
Scrolls
 e - a scroll of amnesia
 g - a scroll of blinking
 i - 2 scrolls of identify
 j - a scroll of fog {unknown}
Potions
 h - a potion of magic
 k - a potion of agility
Books
 c - a book of Conjurations

   Spells                             Type                      Level
   a - Magic Dart                     Conjuration                  1
   b - Searing Ray                    Conjuration                  2
   c - Dazzling Spray                 Conjuration/Hexes            3
   d - Fulminant Prism                Conjuration/Hexes            4
   e - Iskenderun's Mystic Blast      Conjuration                  4
   f - Iskenderun's Battlesphere      Conjuration/Charms           5
Comestibles
 a - a beef jerky
 b - 3 meat rations


   Skills:
 + Level 0.2 Fighting
 + Level 3.0 Dodging
 + Level 3.2 Stealth
 + Level 3.2 Spellcasting
 + Level 5.0 Conjurations


You had 5 spell levels left.
You knew the following spells:

 Your Spells              Type           Power        Failure   Level  Hunger
s - Dazzling Spray        Conj/Hex       ##......     21%         3    ###....
z - Magic Dart            Conj           ###.         2%          1    None


Dungeon Overview and Level Annotations

Branches:
Dungeon (3/15)

Altars:
Cheibriados
Okawaru


Innate Abilities, Weirdness & Mutations

You cannot wear armour.
You are incapable of wielding weapons or throwing items.
You have razor-sharp teeth.
You have supernaturally acute eyesight.
You are carnivorous and can eat meat at any time.
You cover ground quickly.
You are covered in fur (AC +1).
You have a slow metabolism.
Your paws have sharp claws that are effective at stabbing.


Message History

Aim: a water moccasin (almost dead)
The magic dart hits the water moccasin.
The water moccasin is almost dead.
You feel sick. The water moccasin bites you!
You die...
The water moccasin barely misses you.
You are now level 4!
You rejoin the land of the living...
You see here a dagger.
The water moccasin barely misses you. The water moccasin bites you.
You are poisoned.
The water moccasin poisons you!
You feel sick.
The water moccasin completely misses you.
You feel sick. The water moccasin closely misses you.
The water moccasin bites you. The water moccasin bites you!
* * * LOW HITPOINT WARNING * * *
* * * LOW HITPOINT WARNING * * *
You feel sick. The water moccasin bites you.
You die...

....#
#.##..........#####
....#
#..##..##.#.......#
....#
##.##..##.).#.....#
....#
#..#..####.########
....#
##.#...)....).....#
....#
#.#.########.###.#
....#
#...#####........#
#####
##.......S.......#
#.>....@........#
###............##
###)##รท..)...#
#.##.......#
#.##.......#
#.##.......#
#.##.......#
#.##.......##
#.#.........#


You could see a water moccasin.

Vanquished Creatures
  7 adders
  A giant mite (D:1)
  2 worms (D:2)
  4 giant geckos
  7 orcs (D:3)
  2 ball pythons
  2 giant cockroaches
  6 goblins
  3 hobgoblins
  6 jackals (D:1)
  8 kobolds
  2 quokkas (D:3)
  4 bats
  A giant newt (D:3)
  10 rats
65 creatures vanquished.

Notes
Turn   | Place    | Note
--------------------------------------------------------------
     0 | D:1      | miau, the Felid Conjurer, began the quest for the Orb.
     0 | D:1      | Reached XP level 1. HP: 7/7 MP: 4/4
    37 | D:1      | Reached XP level 2. HP: 11/11 MP: 0/5
   119 | D:1      | Reached skill level 4 in Conjurations
   919 | D:1      | Reached XP level 3. HP: 14/14 MP: 4/8
  2027 | D:2      | Found an iron altar of Okawaru.
  2046 | D:2      | Reached XP level 4. HP: 18/18 MP: 1/11
  2790 | D:2      | Learned a level 3 spell: Dazzling Spray
  3259 | D:3      | Found a snail-covered altar of Cheibriados.
  3450 | D:3      | Reached XP level 5. HP: 21/21 MP: 10/14
  3614 | D:3      | Reached skill level 5 in Conjurations
  3678 | D:3      | Noticed a water moccasin
  3703 | D:3      | Slain by a water moccasin
  3704 | D:3      | Reached XP level 4. HP: -3/18 MP: 1/12
  3711 | D:3      | Slain by a water moccasin

Action                   |  1- 3 |  4- 6 || total
-------------------------+-------+-------++-------
Melee: Unarmed           |     9 |       ||     9
 Cast: Magic Dart        |    88 |    93 ||   181
       Dazzling Spray    |       |     4 ||     4
  Use: Potion            |     4 |     1 ||     5
       Scroll            |     2 |     2 ||     4
  Eat: Chunk             |    10 |     4 ||    14
